Map: Dash and Terminal LE (Void)

Players

TheDoctor - Winner!

  • Race: Protoss Protoss
  • League: Grandmaster

Tefel

  • Race: Zerg Zerg
  • League: Master

Event: Lycan League Weekly September #1

VOD

Have the link to the VOD?

Description

Time

  • Played on: Sept. 21, 2015, 1:03 p.m.
  • Length: 6:43

All games in this series

Show
View Real Time Build Order
Export as new Build Order

TheDoctor Protoss - Winner!

Build Orders: 1 Gate Expand 

Get SALT Encoding   

  12  0:00  Probe (Chrono Boost)  
  13  0:10  Probe (Chrono Boost)  
  14  0:19  Pylon  
  14  0:23  Probe (Chrono Boost)  
  15  0:36  Probe (Chrono Boost)  
  15  0:42  Gateway  
  16  0:46  Probe (Chrono Boost)  
  17  0:56  Probe (Chrono Boost)  
  18  1:13  Nexus  
  18  1:15  Probe (Chrono Boost)  
  19  1:24  Assimilator  
  19  1:25  Probe (Chrono Boost)  
  19  1:29  Assimilator  
  20  1:35  Probe (Chrono Boost)  
  21  1:40  Pylon  
  21  1:48  Cybernetics Core  
  21  1:50  Probe (Chrono Boost)  
  22  1:58  Zealot  
  22  2:00  Probe (Chrono Boost)  
  25  2:09  Probe (Chrono Boost)  
  26  2:19  Probe (Chrono Boost)  
  27  2:23  Mothership Core (Chrono Boost)  
  27  2:25  Adept (Chrono Boost)  
  27  2:29  Warp Gate  
  31  2:30  Probe  
  32  2:42  Probe  
  33  2:45  Probe  
  33  2:49  Robotics Facility  
  34  2:54  Probe, Adept (Chrono Boost)  
  34  2:55  Probe  
  38  3:04  Probe  
  38  3:07  Probe  
  38  3:09  Pylon  
  40  3:14  Probe  
  40  3:18  Pylon  
  40  3:19  Pylon  
  41  3:21  Probe  
  41  3:24  Probe  
  43  3:33  Probe  
  40  3:35  Probe  
  40  3:39  Immortal (Chrono Boost)  
  41  3:45  Probe  
  41  3:47  Probe  
  45  3:53  Gateway  
  45  3:54  Gateway  
  45  4:03  Pylon  
  45  4:08  Probe  
  46  4:10  Pylon  
  46  4:15  Immortal (Chrono Boost)  
  46  4:19  Pylon  
  46  4:20  Mothership Core (Chrono Boost)  
  51  4:35  Gateway  
  51  4:37  Gateway  
  51  4:39  Gateway  
  51  4:42  Gateway  
  51  4:43  Gateway  
  51  4:48  Warp Prism  
  51  4:56  Sentry  
  51  4:57  Adept x2  
  59  5:03  Pylon  
  59  5:06  Pylon  
  59  5:12  Pylon  
  59  5:19  Sentry, Adept  
  59  5:20  Adept  
  65  5:40  Stalker x4  
  65  5:41  Stalker x2  
  77  5:46  Stalker  
  77  5:48  Adept  
  77  6:04  Stalker  
  77  6:05  Adept  
  77  6:06  Zealot x2  
  77  6:09  Pylon  
  77  6:26  Stalker x2  
  77  6:27  Adept  
  77  6:31  Adept  
  77  6:35  Adept  
  77  6:36  Zealot x2  
  77  6:37  Zealot  
Show
View Real Time Build Order
Export as new Build Order

Tefel Zerg 

Build Orders: 3 Hatch before Pool 

Get SALT Encoding   

  12  0:00  Drone  
  13  0:08  Drone  
  14  0:17  Overlord  
  14  0:25  Drone, Extractor  
  15  0:35  Drone x2  
  17  0:55  Hatchery, Drone  
  17  0:58  Drone  
  18  1:21  Hatchery  
  17  1:29  Spawning Pool  
  17  1:32  Drone  
  17  1:36  Extractor  
  17  1:37  Drone  
  17  1:40  Drone  
  17  1:44  Drone  
  19  1:57  Drone  
  20  2:05  Drone  
  20  2:06  Drone  
  23  2:15  Drone  
  23  2:16  Queen x2  
  23  2:19  Drone  
  28  2:33  Drone x2  
  28  2:34  Drone  
  28  2:36  Lair  
  31  2:40  Overlord  
  31  2:43  Drone  
  32  2:45  Drone  
  32  2:49  Drone  
  34  2:59  Zergling x6  
  34  3:01  Drone  
  34  3:05  Drone, Extractor  
  38  3:08  Extractor  
  38  3:09  Drone  
  38  3:12  Drone  
  39  3:16  Zergling x2  
  40  3:20  Zergling x2  
  40  3:22  Zergling x2  
  41  3:30  Zergling x2  
  41  3:33  Zergling x2  
  42  3:40  Zergling x2  
  40  3:41  Zergling x2  
  40  3:46  Zergling x4  
  40  3:48  Drone  
  42  3:50  Overlord  
  42  3:51  Overlord  
  42  3:56  Spire  
  42  3:57  Drone  
  42  3:58  Overlord  
  42  4:05  Overlord  
  42  4:09  Drone x4  
  47  4:10  Drone  
  47  4:14  Drone  
  48  4:20  Drone  
  48  4:22  Drone  
  50  4:28  Drone  
  51  4:31  Drone x2  
  51  4:35  Drone x2  
  51  4:36  Drone x2  
  51  4:37  Drone x2  
  51  4:38  Drone  
  60  4:41  Metabolic Boost, Extractor  
  59  4:46  Overlord  
  59  4:50  Drone  
  59  4:51  Drone, Spine Crawler  
  60  4:54  Overlord  
  60  4:57  Overlord  
  60  5:06  Overlord  
  60  5:07  Mutalisk  
  60  5:08  Mutalisk x2  
  60  5:10  Mutalisk  
  60  5:14  Mutalisk  
  68  5:16  Drone x2  
  72  5:22  Overlord, Mutalisk  
  72  5:24  Drone x2  
  72  5:26  Extractor  
  72  5:27  Extractor  
  73  5:29  Queen  
  73  5:32  Drone  
  73  5:35  Mutalisk  
  78  5:39  Zergling x4  
  78  5:40  Zergling x6  
  83  5:44  Zergling x4  
  83  5:45  Zergling x2  
  83  5:47  Mutalisk  
  83  5:49  Zergling x2  
  87  5:52  Mutalisk  
  87  5:54  Zergling x4  
  91  6:00  Mutalisk  
  91  6:01  Zergling x4  
  91  6:02  Zergling x4  
  91  6:03  Zergling x2  
  93  6:04  Zergling x2  
  93  6:08  Overlord  
  84  6:11  Mutalisk  
  84  6:14  Zergling x4  
  84  6:18  Zergling x4  
  81  6:19  Zergling x4  

Tags
 
Add a new tag
Caveats
  • Supply blocks, unpowered buildings, or Contaminate may cause inaccurate times.
  • Supply counts are checked every 10 seconds.